SAA
HELENA GRIZZLIES @ LONG ISLAND SEAWOLVES
06/17/2022
 
TOP OF THE 1ST
Helena Grizzlies batting - Pitching for Long Island Seawolves : RHP Jim Unknown
Pitching: RHP Jim Unknown
Batting: LHB Wilson Horton 0-0: Ball
1-0: Called Strike
1-1: Ball
2-1: DOUBLE (Flyball, 89D)
Batting: LHB César Muñóz 0-0: Foul Ball, location: 2F
0-1: Swinging Strike
0-2: Ball
1-2: Ground out 4-3 (Groundball, 4)
Wilson Horton to third
Batting: RHB Octávio Zúñiga 0-0: Swinging Strike
0-1: Ball
1-1: Ball
2-1: Swinging Strike
2-2: Ball
3-2: Foul Ball, location: 2F
3-2: Strikes out swinging
Batting: SHB Eric O'Neill 0-0: Ground out 1-3 (Groundball, 25)
Top of the 1st over - 0 run(s), 1 hit(s), 0 error(s), 1 left on base; Helena 0 - Long Island 0
BOTTOM OF THE 1ST
Long Island Seawolves batting - Pitching for Helena Grizzlies : RHP Jim Atkinson
Pitching: RHP Jim Atkinson
Batting: LHB Keith Alexander 0-0: Called Strike
0-1: Ball
1-1: Foul Ball, location: 2F
1-2: Ground out 4-3 (Groundball, 13)
Batting: RHB Roy Clay 0-0: Ball
1-0: Swinging Strike
1-1: Fly out, F4 (Popup, 4MS)
Batting: SHB Terry Conley 0-0: Called Strike
0-1: Ball
1-1: Fly out, F7 (Flyball, 7M)
Bottom of the 1st over - 0 run(s), 0 hit(s), 0 error(s), 0 left on base; Helena 0 - Long Island 0
TOP OF THE 2ND
Helena Grizzlies batting - Pitching for Long Island Seawolves : RHP Jim Unknown
Batting: RHB Keith Newbold 0-0: Ball
1-0: Ball
2-0: Foul Ball, location: 2F
2-1: Ball
3-1: Swinging Strike
3-2: Strikes out swinging
Batting: RHB Chris Woodruff 0-0: Swinging Strike
0-1: Swinging Strike
0-2: Ball
1-2: Strikes out swinging
Batting: RHB Hank Kenney 0-0: Foul Ball, location: 2F
0-1: Foul Ball, location: 2F
0-2: Ball
1-2: Fly out, F9 (Flyball, 89D)
Top of the 2nd over - 0 run(s), 0 hit(s), 0 error(s), 0 left on base; Helena 0 - Long Island 0
BOTTOM OF THE 2ND
Long Island Seawolves batting - Pitching for Helena Grizzlies : RHP Jim Atkinson
Batting: SHB Carroll Kline 0-0: Ball
1-0: Ball
2-0: Ball
3-0: Base on Balls
Batting: RHB Francisco García 0-0: Swinging Strike
0-1: Called Strike
0-2: Foul Ball, location: 2F
0-2: Ball
1-2: Strikes out swinging
Batting: RHB Jim Unknown 0-0: Ball
1-0: Ball
2-0: Ball
Pickoff Throw to First - Out!
3-0: Base on Balls
Batting: RHB David Morales 0-0: Called Strike
0-1: Foul Ball, location: 2F
0-2: Foul Ball, location: 2F
0-2: Ball
Jim Unknown steals 2nd base
1-2: Foul Ball, location: 2F
1-2: Foul Ball, location: 2F
1-2: Fly out, F3 (Popup, 34S)
Bottom of the 2nd over - 0 run(s), 0 hit(s), 0 error(s), 1 left on base; Helena 0 - Long Island 0
TOP OF THE 3RD
Helena Grizzlies batting - Pitching for Long Island Seawolves : RHP Jim Unknown
Batting: LHB Eugene Henson 0-0: Called Strike
0-1: Ball
1-1: Foul Ball, location: 2F
1-2: Ground out 5-3 (Groundball, 5)
Batting: RHB Matt Williams 0-0: DOUBLE (Line Drive, 78M)
Batting: LHB Wilson Horton 0-0: Ball
1-0: Fly out, F9 (Line Drive, 9M)
Batting: LHB César Muñóz 0-0: Ball
1-0: Ball
2-0: Ball
3-0: Called Strike
3-1: Ground out 4-3 (Groundball, 4)
Top of the 3rd over - 0 run(s), 1 hit(s), 0 error(s), 1 left on base; Helena 0 - Long Island 0
BOTTOM OF THE 3RD
Long Island Seawolves batting - Pitching for Helena Grizzlies : RHP Jim Atkinson
Batting: LHB Jim Unknown 0-0: Called Strike
0-1: Ground out 6-3 (Groundball, 56)
Batting: RHB Jim Unknown 0-0: Ball
1-0: Ball
2-0: SINGLE (Groundball, 6MD)
Batting: LHB Keith Alexander 0-0: Ball
1-0: Foul Ball, location: 2F
1-1: Ball
2-1: Ball
3-1: Base on Balls
Jim Unknown to second
Batting: RHB Roy Clay 0-0: DOUBLE (Line Drive, 8LXD)
Jim Unknown scores
Keith Alexander to third
Runner from 3rd tries for Home, SAFE, throw made home
Batting: SHB Terry Conley 0-0: Called Strike
0-1: Ball
1-1: Ground out 4-3 (Groundball, 4)
Roy Clay to third
Batting: SHB Carroll Kline 0-0: Swinging Strike
0-1: Ball
1-1: DOUBLE (Line Drive, 5D)
Roy Clay scores
Batting: RHB Francisco García 0-0: Called Strike
0-1: Foul Ball, location: 2F
0-2: Ball
1-2: 2-RUN HOME RUN (Flyball, 78XD), Distance : 362 ft
Batting: RHB Jim Unknown 0-0: Called Strike
0-1: Ball
1-1: Called Strike
1-2: Ball
2-2: SINGLE (Line Drive, 78M)
Batting: RHB David Morales 0-0: Ball
1-0: Foul Ball, location: 2F
1-1: Ball
2-1: Ball
3-1: 2-RUN HOME RUN (Flyball, 7D), Distance : 358 ft
Batting: LHB Jim Unknown 0-0: Ball
1-0: Swinging Strike
1-1: Fly out, F5 (Popup, 25F)
Bottom of the 3rd over - 7 run(s), 6 hit(s), 0 error(s), 0 left on base; Helena 0 - Long Island 7
TOP OF THE 4TH
Helena Grizzlies batting - Pitching for Long Island Seawolves : RHP Jim Unknown
Batting: RHB Octávio Zúñiga 0-0: Ball
1-0: Ball
2-0: Swinging Strike
2-1: Called Strike
2-2: Ball
3-2: Strikes out swinging
Batting: SHB Eric O'Neill 0-0: Fly out, F5 (Popup, 5SF)
Batting: RHB Keith Newbold 0-0: Fly out, F4 (Popup, 4M)
Top of the 4th over - 0 run(s), 0 hit(s), 0 error(s), 0 left on base; Helena 0 - Long Island 7
BOTTOM OF THE 4TH
Long Island Seawolves batting - Pitching for Helena Grizzlies : RHP Jim Atkinson
Pitching: RHP José Gutiérrez
Batting: RHB Jim Unknown 0-0: Foul Ball, location: 2F
0-1: Swinging Strike
0-2: Ball
1-2: Foul Ball, location: 2F
1-2: Ball
2-2: Strikes out swinging
Batting: LHB Keith Alexander 0-0: Called Strike
0-1: Called Strike
0-2: Ball
1-2: Foul Ball, location: 2F
1-2: Ball
2-2: Ball
3-2: SINGLE (Line Drive, 4MD)
Batting: RHB Roy Clay 0-0: Ball
1-0: Ball
2-0: 2-RUN HOME RUN (Flyball, 7D), Distance : 354 ft
Batting: SHB Terry Conley 0-0: Ball
1-0: Called Strike
1-1: Foul Ball, location: 2F
1-2: Ground out 4-3 (Groundball, 4)
Batting: SHB Carroll Kline 0-0: SINGLE (Groundball, 4M)
Batting: RHB Francisco García 0-0: Fly out, F7 (Flyball, 78S)
Bottom of the 4th over - 2 run(s), 3 hit(s), 0 error(s), 1 left on base; Helena 0 - Long Island 9
TOP OF THE 5TH
Helena Grizzlies batting - Pitching for Long Island Seawolves : RHP Jim Unknown
Batting: RHB Chris Woodruff 0-0: Ball
1-0: Ball
2-0: Called Strike
2-1: Swinging Strike
2-2: Ball
3-2: Fly out, F6 (Line Drive, 6)
Batting: RHB Hank Kenney 0-0: Foul Ball, location: 2F
0-1: Ball
1-1: Called Strike
1-2: DOUBLE (Line Drive, 7LS)
Batting: LHB Eugene Henson 0-0: Swinging Strike
0-1: Ball
1-1: Called Strike
1-2: Ball
2-2: Ground out 6-3 (Groundball, 6)
Hank Kenney to third
Batting: RHB Matt Williams 0-0: Swinging Strike
0-1: SINGLE (Groundball, 6MD)
Hank Kenney scores
Batting: LHB Wilson Horton 0-0: Called Strike
0-1: Called Strike
0-2: Fly out, F8 (Line Drive, 8LS)
Top of the 5th over - 1 run(s), 2 hit(s), 0 error(s), 1 left on base; Helena 1 - Long Island 9
BOTTOM OF THE 5TH
Long Island Seawolves batting - Pitching for Helena Grizzlies : RHP José Gutiérrez
Batting: RHB Jim Unknown 0-0: Called Strike
0-1: Ball
1-1: Called Strike
1-2: Ball
2-2: Ball
3-2: Strikes out swinging
Batting: RHB David Morales 0-0: Foul Ball, location: 2F
0-1: Called Strike
0-2: Ball
1-2: Strikes out swinging
Batting: LHB Jim Unknown 0-0: Ball
1-0: Foul Ball, location: 2F
1-1: Ball
2-1: Ball
3-1: Base on Balls
Batting: RHB Jim Unknown 0-0: Ball
1-0: Called Strike
1-1: Swinging Strike
1-2: Fly out, F2 (Popup, 2RF)
Bottom of the 5th over - 0 run(s), 0 hit(s), 0 error(s), 1 left on base; Helena 1 - Long Island 9
TOP OF THE 6TH
Helena Grizzlies batting - Pitching for Long Island Seawolves : RHP Jim Unknown
Batting: LHB César Muñóz 0-0: Ball
1-0: Called Strike
1-1: Ground out U3 (Groundball, 3S)
Batting: RHB Octávio Zúñiga 0-0: Called Strike
0-1: Ball
1-1: Ball
2-1: Swinging Strike
2-2: Ball
3-2: Ground out U3 (Groundball, 3L)
Batting: SHB Eric O'Neill 0-0: Called Strike
0-1: Ball
1-1: Called Strike
1-2: Ball
2-2: Ball
3-2: Base on Balls
Batting: RHB Keith Newbold 0-0: Ground out 5-3 (Groundball, 5)
Top of the 6th over - 0 run(s), 0 hit(s), 0 error(s), 1 left on base; Helena 1 - Long Island 9
BOTTOM OF THE 6TH
Long Island Seawolves batting - Pitching for Helena Grizzlies : RHP José Gutiérrez
Pitching: RHP Teddy Jones
Batting: LHB Keith Alexander 0-0: Ball
1-0: Ground out 4-3 (Groundball, 4)
Batting: RHB Roy Clay 0-0: Ball
1-0: Ground out 3-1 (Groundball, 3)
Batting: SHB Terry Conley 0-0: Ball
1-0: Swinging Strike
1-1: Ball
2-1: Ball
3-1: Ground out 4-3 (Groundball, 4)
Bottom of the 6th over - 0 run(s), 0 hit(s), 0 error(s), 0 left on base; Helena 1 - Long Island 9
TOP OF THE 7TH
Helena Grizzlies batting - Pitching for Long Island Seawolves : RHP Jim Unknown
Batting: RHB Chris Woodruff 0-0: Ball
1-0: Foul Ball, location: 2F
1-1: Foul Ball, location: 2F
1-2: Ground out 5-3 (Groundball, 56S)
Batting: RHB Hank Kenney 0-0: Ball
1-0: Foul Ball, location: 2F
1-1: Ball
2-1: Ball
3-1: Swinging Strike
3-2: Fly out, F4 (Line Drive, 4M)
Batting: LHB Eugene Henson 0-0: Foul Ball, location: 2F
0-1: Ball
1-1: Ball
2-1: Ball
3-1: SINGLE (Groundball, 4MD)
Pitching: RHP Jim Unknown
Batting: RHB Matt Williams 0-0: Called Strike
Eugene Henson steals 2nd base
0-1: Foul Ball, location: 2F
0-2: Fly out, F9 (Flyball, 9M)
Top of the 7th over - 0 run(s), 1 hit(s), 0 error(s), 1 left on base; Helena 1 - Long Island 9
BOTTOM OF THE 7TH
Long Island Seawolves batting - Pitching for Helena Grizzlies : RHP Teddy Jones
Batting: SHB Carroll Kline 0-0: Called Strike
0-1: Ground out 4-3 (Groundball, 34)
Batting: RHB Francisco García 0-0: Ground out 1-3 (Groundball, 15S)
Batting: RHB Jim Unknown 0-0: Ball
1-0: SINGLE (Groundball, 15) (infield hit)
Batting: RHB David Morales 0-0: Called Strike
0-1: Ball
1-1: SINGLE (Line Drive, 7S)
Jim Unknown to second
Batting: LHB Jim Unknown 0-0: Ball
1-0: Foul Ball, location: 2F
1-1: Foul Ball, location: 2F
1-2: Ball
2-2: Foul Ball, location: 2F
2-2: Fly out, F8 (Flyball, 8RM)
Bottom of the 7th over - 0 run(s), 2 hit(s), 0 error(s), 2 left on base; Helena 1 - Long Island 9
TOP OF THE 8TH
Helena Grizzlies batting - Pitching for Long Island Seawolves : RHP Jim Unknown
Batting: LHB Wilson Horton 0-0: Ball
1-0: Called Strike
1-1: Ball
2-1: Ball
3-1: Base on Balls
Batting: LHB César Muñóz 0-0: Called Strike
0-1: Ball
1-1: Ball
2-1: Foul Ball, location: 2F
2-2: Ball
3-2: Base on Balls
Wilson Horton to second
Batting: RHB Octávio Zúñiga 0-0: Called Strike
0-1: Foul Ball, location: 2F
0-2: Fly out, F2 (Popup, 23F)
Batting: SHB Eric O'Neill 0-0: Grounds into double play, 4-6-3 (Groundball, 4)
Top of the 8th over - 0 run(s), 0 hit(s), 0 error(s), 1 left on base; Helena 1 - Long Island 9
BOTTOM OF THE 8TH
Long Island Seawolves batting - Pitching for Helena Grizzlies : RHP Teddy Jones
Batting: RHB Jim Unknown 0-0: Called Strike
0-1: SINGLE (Line Drive, 6M)
Batting: LHB Keith Alexander 0-0: Bunted foul
0-1: Bunted foul
0-2: Ball
1-2: Ball
2-2: Fly out, F8 (Flyball, 8LM)
Batting: RHB Roy Clay 0-0: Foul Ball, location: 2F
0-1: Ball
1-1: Ball
2-1: Ball
3-1: Foul Ball, location: 2F
3-2: 2-RUN HOME RUN (Flyball, 7LD), Distance : 343 ft
Batting: SHB Terry Conley 0-0: Called Strike
0-1: Foul Ball, location: 2F
0-2: SINGLE (Line Drive, 34D)
Batting: SHB Carroll Kline 0-0: Ball
1-0: Ball
2-0: Called Strike
2-1: DOUBLE (Popup, 7LS)
Terry Conley to third
Runner from 3rd tries for Home, SAFE, no throw or cutoff
Pitching: LHP Vaughn Betz
Batting: RHB Francisco García 0-0: Ball
1-0: Called Strike
1-1: Foul Ball, location: 2F
1-2: Ball
2-2: Ground out 6-3 (Groundball, 6)
Batting: RHB Jim Unknown 0-0: Foul Ball, location: 2F
0-1: Ball
1-1: Ground out 5-3 (Groundball, 56)
Bottom of the 8th over - 3 run(s), 4 hit(s), 0 error(s), 1 left on base; Helena 1 - Long Island 12
TOP OF THE 9TH
Helena Grizzlies batting - Pitching for Long Island Seawolves : RHP Jim Unknown
Batting: RHB Keith Newbold 0-0: Ball
1-0: Fly out, F9 (Line Drive, 89M)
Batting: RHB Chris Woodruff 0-0: Ball
1-0: Ball
2-0: Foul Ball, location: 2F
2-1: Ball
3-1: Called Strike
3-2: Base on Balls
Batting: RHB Hank Kenney 0-0: Fly out, F7 (Line Drive, 78S)
Batting: LHB Eugene Henson 0-0: Called Strike
0-1: Ball
1-1: Ball
2-1: Ball
3-1: Foul Ball, location: 2F
3-2: Foul Ball, location: 2F
3-2: Base on Balls
Chris Woodruff to second
Batting: RHB Matt Williams 0-0: Ball
1-0: Ball
2-0: Called Strike
2-1: Ground out 1-3 (Groundball, 13)
Top of the 9th over - 0 run(s), 0 hit(s), 0 error(s), 2 left on base; Helena 1 - Long Island 12
This league is powered by Out of the Park Baseball, the baseball management simulation game for PC, Mac and Linux
Friday, April 15th, 2016 - OOTP Baseball 16.9 Build 39